AoeStats
← Genghis_AoE

Arabian Desert

509046570Analyzed
1v1 RM · 9d ago on Sep 25, 2026· 17m 57s· 2 players
Game mode
Random Map
Map size
Tiny (2 player)
Population
200
Speed
Normal
Resources
Standard
Victory
Conquest
Starting age
Dark Age
Ending age
Imperial Age
RankedLock teamsTeams togetherTeam positionsShared explorationLock speedFull tech treeHidden civsTurbo modeCheats
Victory
Defeat
🇸🇰 Khmer · Slovakia
1445
+13
🇨🇳 Maya · China
1374
-13
b站江条
0:25 Loom
8:50 Feudal Age
14:23 Double-Bit Axe
Genghis_AoE
5:46 Loom
9:13 Feudal Age
9:40 Double-Bit Axe
9:36 Horse Collar
16:15 Scale Barding Armor
17:05 Forging
Connection lost

Rejoining the realm…

Still unreachable

The connection could not be restored.

Session expired

The server has moved on; the page needs a fresh start.